Map: Jagannatha LE

Players

KraKen

  • Race: Zerg Zerg
  • League: Master

llllIIIlllII - Winner!

  • Race: Protoss Protoss
  • League: Diamond

VOD

Have the link to the VOD?

Description

Time

  • Played on: Oct. 18, 2021, 11:03 a.m.
  • Length: 24:42
Show
View Real Time Build Order
Export as new Build Order

KraKen Zerg 

Build Orders: Hatch First 

Get SALT Encoding   

  12  0:00  Drone  
  13  0:12  Overlord  
  13  0:17  Drone  
  14  0:31  Drone x2  
  16  0:48  Hatchery  
  15  0:51  Drone  
  15  0:54  Drone  
  17  0:58  Drone  
  18  1:08  Extractor  
  17  1:14  Spawning Pool  
  17  1:17  Drone  
  17  1:20  Drone  
  18  1:29  Drone  
  20  1:40  Drone  
  20  1:50  Overlord  
  20  2:01  Queen x2  
  20  2:02  Zergling x2  
  20  2:03  Zergling x2  
  26  2:14  Spine Crawler  
  26  2:15  Zergling x4  
  27  2:25  Zergling x2  
  28  2:33  Overlord  
  28  2:34  Roach Warren  
  27  2:46  Drone x2  
  27  2:59  Extractor, Drone  
  26  3:20  Roach x2  
  30  3:29  Roach  
  32  3:34  Lair  
  32  3:36  Metabolic Boost  
  32  3:43  Ravager  
  33  4:14  Drone x2  
  33  4:15  Ravager x2  
  37  4:19  Overlord  
  37  4:26  Overlord x2  
  37  4:49  Queen  
  39  4:56  Drone  
  39  4:57  Overlord  
  39  4:58  Roach  
  39  4:59  Hatchery, Roach x3  
  47  5:06  Spore Crawler  
  46  5:18  Drone  
  46  5:19  Spore Crawler  
  46  5:21  Drone  
  47  5:22  Drone  
  46  5:36  Overlord  
  46  5:37  Queen  
  47  5:47  Drone x2  
  49  5:58  Drone x3  
  52  6:06  Drone  
  53  6:11  Queen  
  53  6:18  Queen  
  57  6:23  Drone x2  
  57  6:24  Drone  
  60  6:26  Ravager  
  60  6:27  Ravager  
  58  6:48  Queen  
  58  6:53  Queen  
  62  7:09  Drone x8  
  62  7:12  Ravager x2  
  72  7:19  Drone  
  72  7:20  Spire  
  73  7:24  Hydralisk Den  
  73  7:27  Queen  
  73  7:28  Evolution Chamber  
  73  7:29  Queen  
  75  7:31  Extractor x2  
  73  7:37  Drone x2  
  73  7:39  Overlord x3  
  75  7:57  Zerg Missile Weapons Level 1  
  75  7:58  Hydralisk x3, Grooved Spines  
  81  8:23  Hydralisk x8  
  92  8:49  Hydralisk x3  
  92  8:51  Overlord x5  
  98  9:26  Extractor  
  98  9:30  Extractor  
  96  9:37  Roach x10  
  116  9:40  Pneumatized Carapace  
  116  9:41  Overseer  
  116  9:42  Overseer  
  116  10:03  Muscular Augments  
  116  10:04  Glial Reconstitution  
  116  10:12  Queen  
  116  10:14  Overlord  
  118  10:15  Zerg Missile Weapons Level 2  
  118  10:28  Hatchery  
  117  10:33  Infestation Pit  
  117  10:34  Drone  
  117  10:46  Hydralisk x5  
  127  11:06  Ravager x2  
  127  11:18  Queen x2  
  131  11:26  Roach  
  131  11:27  Roach x7  
  147  11:41  Queen  
  147  11:42  Drone x5  
  147  11:46  Overlord  
  154  11:51  Pathogen Glands  
  154  11:54  Overseer x2  
  154  12:26  Ravager x2  
  154  12:28  Overlord x3  
  108  12:56  Hydralisk x11  
  108  12:57  Overseer x2  
  85  13:06  Queen x2  
  85  13:11  Hydralisk  
  85  13:12  Hydralisk  
  91  13:19  Roach x2  
  95  13:31  Roach  
  95  13:32  Roach  
  99  13:38  Spore Crawler  
  99  13:39  Spore Crawler  
  99  13:40  Spore Crawler  
  94  13:57  Queen  
  94  13:58  Hydralisk x4  
  103  14:06  Ravager x2  
  91  14:31  Hydralisk x3  
  91  14:32  Hydralisk x3  
  91  14:35  Extractor x2  
  93  15:33  Hydralisk x6  
  99  15:42  Hatchery  
  90  15:55  Queen x2  
  88  15:58  Hydralisk x3  
  87  16:12  Drone x4  
  91  16:38  Drone x6  
  97  16:57  Drone  
  97  16:58  Extractor, Drone  
  97  16:59  Extractor  
  95  17:14  Hydralisk x4  
  93  17:38  Hydralisk x7  
  103  18:05  Hatchery  
  96  18:07  Hydralisk x4  
  104  18:15  Infestor x2  
  106  18:25  Extractor  
  103  18:27  Extractor  
  98  18:35  Drone x10  
  104  18:44  Hydralisk x2  
  104  18:50  Queen  
  100  18:57  Infestor  
  94  19:21  Hydralisk x3  
  98  19:26  Hatchery  
  98  19:30  Zergling x2  
  98  19:31  Zergling x16  
  103  19:44  Hydralisk x3  
  107  19:52  Extractor  
  106  19:53  Extractor  
  106  19:55  Hydralisk x3  
  109  20:07  Drone x3  
  109  20:09  Drone x3  
  114  20:18  Hydralisk x2  
  118  20:28  Burrow  
  118  20:29  Neural Parasite  
  118  20:34  Drone  
  119  20:43  Hydralisk x2  
  123  20:53  Drone x4  
  124  21:18  Spire  
  120  21:38  Hydralisk x9  
  120  22:22  Drone x6  
Show
View Real Time Build Order
Export as new Build Order

llllIIIlllII Protoss - Winner!

Build Orders: Cannon Rush 

Get SALT Encoding   

  12  0:01  Probe  
  13  0:13  Probe  
  14  0:24  Pylon  
  14  0:25  Probe  
  15  0:33  Assimilator  
  15  0:47  Probe (Chrono Boost)  
  16  0:53  Forge  
  17  0:57  Probe (Chrono Boost)  
  17  0:58  Gateway  
  17  1:02  Probe (Chrono Boost)  
  18  1:13  Probe  
  19  1:21  Pylon  
  19  1:39  Pylon  
  19  1:40  Photon Cannon  
  19  1:41  Probe  
  20  1:55  Photon Cannon  
  20  1:57  Photon Cannon  
  20  2:01  Assimilator  
  20  2:10  Pylon  
  20  2:15  Assimilator  
  20  2:19  Assimilator  
  20  2:22  Zealot  
  22  2:33  Photon Cannon  
  22  2:42  Photon Cannon  
  22  2:46  Cybernetics Core  
  22  2:52  Pylon  
  22  3:01  Probe (Chrono Boost)  
  24  3:13  Probe (Chrono Boost)  
  24  3:19  Probe (Chrono Boost)  
  25  3:29  Pylon  
  25  3:30  Probe (Chrono Boost)  
  26  3:39  Probe (Chrono Boost)  
  27  3:59  Stargate  
  27  4:03  Stargate  
  27  4:04  Photon Cannon  
  27  4:06  Pylon  
  27  4:08  Probe  
  27  4:28  Probe  
  28  4:37  Void Ray  
  32  4:56  Void Ray (Chrono Boost)  
  36  5:04  Nexus  
  36  5:17  Void Ray (Chrono Boost)  
  39  5:49  Void Ray  
  43  6:02  Assimilator  
  43  6:04  Assimilator  
  43  6:12  Probe  
  43  6:17  Probe  
  45  6:20  Pylon  
  45  6:24  Probe  
  46  6:29  Probe  
  47  6:36  Probe  
  48  6:54  Void Ray x2  
  52  7:07  Pylon  
  52  7:11  Probe (Chrono Boost)  
  52  7:12  Probe (Chrono Boost)  
  54  7:20  Pylon  
  54  7:21  Probe (Chrono Boost)  
  54  7:22  Stargate, Probe (Chrono Boost)  
  56  7:27  Shield Battery x2  
  56  7:29  Shield Battery  
  56  7:36  Probe x2  
  58  7:41  Shield Battery  
  58  7:48  Probe x2 (Chrono Boost)  
  60  7:56  Pylon  
  61  7:58  Probe (Chrono Boost)  
  61  8:36  Nexus  
  61  8:40  Pylon  
  59  8:46  Oracle x2  
  64  8:51  Oracle  
  67  9:17  Void Ray  
  67  9:20  Pylon  
  67  9:23  Oracle, Pylon  
  74  9:26  Assimilator  
  74  9:28  Oracle  
  77  9:33  Probe  
  77  9:34  Photon Cannon  
  77  9:37  Photon Cannon  
  78  9:39  Pylon  
  78  9:40  Probe  
  79  9:52  Probe  
  81  9:53  Probe  
  81  10:00  Photon Cannon  
  81  10:03  Photon Cannon  
  81  10:12  Oracle  
  84  10:23  Oracle x2  
  84  10:26  Pylon  
  84  10:27  Probe  
  91  10:30  Assimilator  
  91  10:44  Twilight Council  
  91  10:45  Warp Gate  
  91  10:49  Oracle  
  94  10:59  Photon Cannon  
  94  11:00  Oracle, Shield Battery  
  97  11:06  Pylon  
  100  11:19  Probe  
  100  11:20  Oracle (Chrono Boost)  
  92  11:26  Oracle (Chrono Boost)  
  93  11:35  Oracle (Chrono Boost)  
  96  11:41  Pylon  
  96  11:42  Pylon  
  99  11:56  Oracle x2 (Chrono Boost)  
  102  12:04  Oracle  
  102  12:05  Pylon  
  102  12:06  Pylon  
  102  12:08  Charge  
  111  13:20  Forge  
  99  13:29  Fleet Beacon  
  99  13:30  Pylon  
  99  13:34  Probe  
  100  13:46  Probe  
  101  13:58  Probe  
  102  14:10  Probe  
  67  14:29  Tempest x2 (Chrono Boost)  
  67  14:30  Tempest (Chrono Boost)  
  66  14:57  Gateway  
  66  15:05  Tempest  
  72  15:28  Tempest  
  70  16:16  Nexus  
  65  18:18  Carrier x2  
  73  19:22  Carrier (Chrono Boost)  
  79  19:53  Carrier (Chrono Boost)  
  85  20:23  Pylon  
  85  20:34  Nexus  
  91  20:35  Pylon  
  91  20:36  Probe  
  91  20:39  Carrier (Chrono Boost)  
  91  20:45  Forge  
  91  20:48  Probe  
  92  21:00  Carrier, Probe  
  99  21:12  Probe  
  100  21:19  Photon Cannon  
  100  21:24  Probe  
Tags
 
Add a new tag
Caveats
  • Supply blocks, unpowered buildings, or Contaminate may cause inaccurate times.
  • Supply counts are checked every 10 seconds.